 Dungeon Crawl Stone Soup version 0.29.1-2-gbd0b4ee654 (webtiles) character file.

Game seed: 951598411079593659

323 warriortoast the Conjurer (level 6, -1/32 HPs)
             Began as a Deep Elf Conjurer on Oct 25, 2022.
             Slain by an orc warrior
             ... wielding a +0 hand axe of freezing
              (2 damage)
             ... on level 4 of the Dungeon.
             The game lasted 00:11:17 (5427 turns).

warriortoast the Conjurer (Deep Elf Conjurer)       Turns: 5427, Time: 00:11:18

Health: -1/32      AC:  2    Str:  4    XL:     6   Next: 23%
Magic:  10/16      EV: 12    Int: 25    God:
Gold:   198        SH:  0    Dex: 13    Spells: 2/16 levels left

rFire   . . .      SeeInvis .   v - +2 short sword (speed)
rCold   . . .      Faith    .   (no shield)
rNeg    . . .      Spirit   .   a - +0 robe
rPois   .          Reflect  .   (no helmet)
rElec   .          Harm     .   (no cloak)
rCorr   .          Rampage  .   (no gloves)
Will    .....                   (no boots)
Stlth   ++........              (no amulet)
HPRegen 0.10/turn               (no ring)
MPRegen 0.15/turn               (no ring)

@: no status effects
A: no striking features
a: no special abilities


You were on level 4 of the Dungeon.
You visited 1 branch of the dungeon, and saw 6 of its levels.

You collected 198 gold pieces.

Inventory:

Hand Weapons
 m - a +0 trident
 v - a +2 short sword of speed (weapon)
Armour
 a - a +0 robe (worn)
 r - a +0 buckler
Jewellery
 l - a +4 ring of protection
Scrolls
 d - 4 scrolls of identify {unknown}
 e - a scroll of noise {unknown}
 f - 2 scrolls of amnesia {unknown}
 g - a scroll of vulnerability {unknown}
 h - a scroll of fog {unknown}
 i - 4 scrolls of immolation {unknown}
 o - a scroll of magic mapping {unknown}
 p - 2 scrolls of poison {unknown}
 t - a scroll of teleportation {unknown}
 x - a scroll of silence {unknown}
Potions
 b - a potion of magic
 c - a potion of invisibility {unknown}
 j - 3 potions of curing {unknown}
 k - a potion of cancellation {unknown}
 n - a potion of degeneration {unknown}
 q - 2 potions of brilliance {unknown}
 s - a potion of lignification {unknown}
 u - 2 potions of flight {unknown}
 w - a potion of might {unknown}


   Skills:
 - Level 2.4 Dodging
 - Level 2.4 Stealth
 + Level 5.8 Spellcasting
 + Level 6.0 Conjurations
 + Level 3.9 Hexes
 + Level 0.8 Translocations


You had 2 spell levels left.
You knew the following spells:

 Your Spells              Type           Power      Damage    Failure   Level
a - Magic Dart            Conj           100%       1d8       1%          1
b - Dazzling Flash        Conj/Hex       64%        N/A       3%          3
c - Fulminant Prism       Conj/Hex       16%        3d11      10%         4
d - Iskenderun's Mystic   Conj/Tloc      24%        2d7       19%         4
e - Blink                 Tloc           22%        N/A       9%          2

Your spell library contained the following spells:

 Spells                   Type           Power      Damage    Failure   Level
 Searing Ray              Conj           74%        2d7       1%          2
 Foxfire                  Conj/Fire      88%        2x1d8     2%          1
 Conjure Flame            Conj/Fire      22%        6-21      7%          3
 Inner Flame              Hex/Fire       17%        N/A       10%         3
 Flame Wave               Conj/Fire      22%        2d8       22%         4
 Fireball                 Conj/Fire      11%        3d7       52%         5
 Manifold Assault         Tloc           11%        N/A       83%         5
 Starburst                Conj/Fire      11%        6d5       98%         6
 Storm Form               Tmut/Air       3%         N/A       100%        7
 Ignition                 Fire           3%         3d4       100%        8


Dungeon Overview and Level Annotations

Branches:
Dungeon (6/15)
 Temple: D:4-7

Altars:
Dithmenos


Message History

The magic dart hits the orc!
You kill the orc!
You can't see any susceptible monsters within range! (Use Z to cast anyway.)
You can't see any susceptible monsters within range! (Use Z to cast anyway.)
You can't see any susceptible monsters within range! (Use Z to cast anyway.)
There is a stone staircase leading up here.
Things that are here:
a +0 whip; an orc corpse
q - 2 white potions (gained 1)
Things that are here:
a +0 whip; an orc corpse The orc warrior shouts!
Casting: Magic Dart (safe; 1% risk of failure)
Confirm with . or Enter, or press ? or * to list all spells.
Casting: Dazzling Flash (dangerous; 3% risk of failure)
Press: ? - help, Dir - look around, f - activate
Casting: Dazzling Flash (dangerous; 3% risk of failure)
Confirm with . or Enter, or press ? or * to list all spells.
Casting: Dazzling Flash (dangerous; 3% risk of failure)
Press: ? - help, Dir - look around, f - activate The orc warrior is dazzled.
The orc warrior hits you with a +0 hand axe of freezing!
Ouch! That really hurt!
The orc warrior freezes you.
You hit the orc warrior but do no damage.
The orc warrior misses you.
You closely miss the orc warrior. You hit the orc warrior.
The orc warrior is lightly wounded.
The orc warrior hits you with a +0 hand axe of freezing.
* * * LOW HITPOINT WARNING * * *
The orc warrior freezes you.
* * * LOW HITPOINT WARNING * * *
You barely miss the orc warrior.
The orc warrior is lightly wounded.
The orc warrior is no longer blind.
The orc warrior hits you with a +0 hand axe of freezing.
* * * LOW HITPOINT WARNING * * *
The orc warrior freezes you.
You die...

##..##....#$.##...## #.#.#
#.#. #..#.#.#.#.Dl##.##
#.#.# #.#.
#...###..##..g#.# #.#.#
#.## ##.#.#.#..##.+#.#+
..#.# #.##
#.....#...###...###...#.#
#...
#####.........8.........#
#### ###...###...###... ##
#..## +#o#+ #.## #@# # #.#
##.## .# #.# ##...## .#
#.####.....####.# ####
####### #...............##
#... ....).#
#.....##.......... ###.##
#####.####...####..##.##..
#..... .......####.##
##....# #.#...
###.....###.#### ##§.§##
#.#...


You could see an orc warrior.

Vanquished Creatures
  A water moccasin (D:5)
  A hound (D:4)
  Robin (D:3)
  6 adders
  An ufetubus (D:4)
  2 worms
  3 dart slugs
  10 orcs
  5 ball pythons
  7 bats
  7 endoplasms
  4 giant cockroaches
  12 goblins
  10 hobgoblins
  4 jackals
  A quokka (D:4)
  3 frilled lizards
  9 kobolds
  8 rats
95 creatures vanquished.

Notes
Turn   | Place    | Note
-------+----------+-------------------------------------------
     0 | D:1      | warriortoast the Deep Elf Conjurer began the quest for the
                  | Orb.
     0 | D:1      | Reached XP level 1. HP: 10/10 MP: 6/6
   294 | D:1      | Reached XP level 2. HP: 15/15 MP: 3/8
  1187 | D:2      | Reached skill level 5 in Conjurations
  1187 | D:2      | Reached XP level 3. HP: 19/19 MP: 8/10
  1191 | D:2      | Learned a level 3 spell: Dazzling Flash
  1420 | D:2      | Reached skill level 1 in Hexes
  1894 | D:2      | Reached XP level 4. HP: 24/24 MP: 9/12
  2013 | D:3      | Found a faded altar of an unknown god.
  2117 | D:3      | You fall into a shaft and drop 3 floors!
  2164 | D:5      | Entered Level 5 of the Dungeon
  2164 | D:5      | Noticed a water moccasin
  2171 | D:5      | Killed a water moccasin
  2172 | D:5      | Reached skill level 5 in Spellcasting
  2172 | D:5      | Reached XP level 5. HP: 20/28 MP: 6/14
  2487 | D:3      | Noticed Robin
  2494 | D:3      | Learned a level 4 spell: Fulminant Prism
  2499 | D:3      | Learned a level 4 spell: Iskenderun's Mystic Blast
  2502 | D:3      | Learned a level 2 spell: Blink
  2851 | D:3      | Killed Robin
  4278 | D:4      | Noticed an orc warrior
  4390 | D:4      | Reached skill level 6 in Conjurations
  4673 | D:4      | Reached XP level 6. HP: 32/32 MP: 13/16
  4816 | D:4      | Noticed a steam dragon
  4850 | D:4      | Found a shadowy altar of Dithmenos.
  5427 | D:4      | HP: 1/32 [orc warrior/+0 hand axe of freezing (5)]
  5427 | D:4      | Slain by an orc warrior

Illustrated notes

Levels and vault maps discovered:
D:1:      dpeg_arrival_three_same_balls, layout_basic
D:2:      layout_loops_ring
D:3:      layout_loops_ring, ebering_ecumenical_altar_petrified,
          amcnicky_mini_corridor_feature, uniq_robin
D:4:      cheibrodos_barr_body, layout_loops_corners,
          nicolae_dithmenos_the_darkroom
D:5:      layout_gridville, tso_oasis_becter, gammafunk_ghost_abyssal_escape,
          serial_co_window_serial, co_window_paths_a, co_window_paths_b,
          co_window_paths_b, co_window_paths_b, co_window_of_opportunity_a,
          co_window_of_opportunity_c, co_window_unsneaky_path_c,
          co_window_corner_cb, co_window_corner_b, co_window_cross_4,
          glass_columns_c, glass_columns_b, glass_columns_a, glass_columns_a,
          glass_columns_c, dk_rats_in_the_wall
D:6:      layout_loops_corners, amethyst_overflow_temple_binary,
          mainiacjoe_overflow_large_starburst

Skill      XL: |  1  2  3  4  5 |
---------------+----------------+-----
Spellcasting   | 4 5 |  5.8
Conjurations   | 5 6 |  6.0
Hexes          | 1 3 |  3.9
Dodging        | |  2.4
Stealth        | |  2.4
Translocations | |  0.8

Action                   |  1- 3 |  4- 6 || total
-------------------------+-------+-------++-------
Melee: Trident           |       |     2 ||     2
       Short sword       |       |     4 ||     4
 Cast: Magic Dart        |    81 |   127 ||   208
       Dazzling Flash    |       |     4 ||     4
Armor: Robe              |       |     9 ||     9
Dodge: Dodged            |     3 |    35 ||    38
